 Dungeon Crawl Stone Soup version 0.31-a0-986-g5e6e4ef867 (webtiles) character file.

Game seed: 5937009002172224999

2114 croobank the Caller (level 9, -2/68 HPs)
             Began as a Barachi Summoner on Nov 16, 2023.
             Slain by an orc
             ... wielding a +0 trident
              (3 damage)
             ... in a bailey.
             The game lasted 00:26:19 (6437 turns).

croobank the Caller (Barachi Summoner)              Turns: 6437, Time: 00:26:20

Health: -2/68      AC:  5    Str: 10    XL:     9   Next: 29%
Magic:  2/16       EV: 14    Int: 19    God:
Gold:   334        SH:  0    Dex: 13    Spells: 4/17 levels left

rFire   . . .        f - +1 short sword
rCold   . . .        (no shield)
rNeg    . . .        a - +0 robe
rPois   .            B - +2 hat
rElec   .            (no cloak)
rCorr   .            (no gloves)
SInv    +            l - +0 pair of boots
Will    .....        (no amulet)
Stlth   +++          o - ring of see invisible
HPRegen 0.31/turn    (no ring)
MPRegen 0.15/turn

%: no passive effects
@: mighty, slow
A: amphibious, slowness 1, strong legs 1, +LOS
a: Hop


You were in a bailey.
You visited 1 branch of the dungeon, and saw 8 of its levels.
You also visited: Bailey.

You collected 334 gold pieces.

Inventory:

Hand Weapons
 e - a +1 whip of electrocution
 f - a +1 short sword (weapon)
 i - a +0 spear
 k - a +0 whip of holy wrath
 u - a +0 scimitar
 z - a +0 war axe
Missiles
 g - 3 silver javelins
 p - 2 throwing nets
 t - 11 poisoned darts (quivered)
 w - 9 boomerangs
 x - 6 atropa-tipped darts
Armour
 a - a +0 robe (worn)
 l - a +0 pair of boots (worn)
 B - a +2 hat (worn)
 C - a +0 leather armour
 H - a +0 helmet
Magical Staves
 m - a staff of conjuration
 q - a staff of earth
Jewellery
 o - a ring of see invisible (left hand)
 A - a ring of flight
 E - a ring of protection from fire
Talismans
 r - a flux talisman
Wands
 D - a wand of paralysis (18)
Scrolls
 d - 5 scrolls of teleportation
 h - a scroll of noise
 n - 2 scrolls of poison
 y - 2 scrolls of fog
Potions
 b - a potion of magic
 c - 2 potions of lignification
 j - 3 potions of curing
 s - 3 potions of might
 v - 2 potions of mutation
 F - a potion of haste


   Skills:
 + Level 5.6 Fighting
 + Level 5.5 Dodging
 + Level 4.9 Stealth
 + Level 4.9 Spellcasting
 + Level 4.0 Hexes
 + Level 7.3 Summonings
 * Level 4.4 Air Magic


You had 4 spell levels left.
You knew the following spells:

 Your Spells              Type           Power      Damage    Failure   Level
a - Summon Small Mammal   Summ           100%       N/A       1%          1
b - Call Imp              Summ           64%        N/A       1%          2
c - Call Canine Familiar  Summ           32%        N/A       1%          3
d - Summon Guardian Gole  Hex/Summ       26%        N/A       3%          3
e - Summon Lightning Spi  Summ/Air       27%        N/A       11%         4

Your spell library contained the following spells:

 Spells                   Type           Power      Damage    Failure   Level
 Sigil of Binding         Hex            19%        N/A       8%          3
 Necrotise                Necr           16%        1d4       13%         1
 Vampiric Draining        Necr           4%         2d6       36%         3
 Dimensional Bullseye     Hex/Tloc       6%         N/A       50%         4
 Leda's Liquefaction      Hex/Erth       6%         N/A       50%         4
 Agony                    Necr           4%         N/A       98%         5


Dungeon Overview and Level Annotations

Branches:
Dungeon (8/15)             Bailey (1/1)
 Temple: D:4-7         Lair: D:8-11

Altars:
Fedhas
Kikubaaqudgha


Innate Abilities, Weirdness & Mutations

You are amphibious.
You cover ground slowly.
You can hop short distances.
You have an extended range of vision and can be seen from far away.


Message History

Okay, then.
You feel better.
Your bat hits the orc but does no damage.
Your hound bites the orc warrior.
The orc warrior hits your hound with a +0 glaive!
Your hound dies!
Your hound's corpse disappears in a puff of smoke!
The orc barely misses your bat. Something hits your bat.
Your bat dies!
Your bat's corpse disappears in a puff of smoke!
The orc shouts!
Okay, then.
You feel better.
The orc warrior shouts!
The orc closely misses you. The orc closely misses you.
The orc hits you but does no damage.
Found a trident.
The orc warrior closely misses you. The orc hits you but does no damage.
The orc hits you with a +0 trident.
Things that are here:
a +0 glaive; a +0 chain mail; an orc corpse You closely miss the orc warrior.
The orc warrior is moderately wounded.
The orc warrior barely misses you. The orc closely misses you.
The orc barely misses you.
You barely miss the orc warrior.
The orc warrior is moderately wounded.
The orc warrior barely misses you. The orc hits you but does no damage. x2
You barely miss the orc warrior.
The orc warrior is moderately wounded.
The orc warrior hits you with a +0 glaive!
* * * LOW HITPOINT WARNING * * *
The orc misses you. The orc hits you with a +0 trident.
* * * LOW HITPOINT WARNING * * *
Found a gate leading back out of this place.
The orc closely misses you. The orc barely misses you.
The orc warrior hits you from afar with a +0 glaive!
* * * LOW HITPOINT WARNING * * *
The orc closely misses you.
The orc hits you from afar with a +0 trident.
You die...

##.~ #∩.~~ +#
#.)~. #.#
#.~.. #.$
#.~.# .$
#.~.#########
#.~..........
#.~)~~~~~~~~.
#...@......~~
##o.######..~
#.o## ##..#
#8∩## ####


You could see an orc warrior, an orc (ally target) and a friendly lightning
spire (summoned).

Vanquished Creatures
  2 orc warriors
  2 bullfrogs (D:8)
  A hound (D:6)
  A jelly (D:6)
  An orc wizard (D:8)
  A gnoll (D:7)
  5 orcs
  A ball python (D:3)
  A bat (D:1)
  An endoplasm (D:4)
  2 goblins
  2 hobgoblins
  A quokka (D:3)
  3 kobolds
  A rat (D:2)
25 creatures vanquished.

Vanquished Creatures (collateral kills)
  A phantom (D:5)
  Blork the orc (D:6)
  A bullfrog (D:7)
  A scorpion (D:4)
  2 hounds
  2 orc priests
  2 iguanas
  3 orc wizards
  7 gnolls
  5 adders
  A white imp (D:5)
  A worm (D:4)
  2 dart slugs
  23 orcs
  9 ball pythons
  5 endoplasms
  4 giant cockroaches
  8 hobgoblins
  2 jackals (D:3)
  3 kobolds
  A quokka (D:2)
  6 bats
  A frilled lizard (D:1)
  8 goblins
  6 rats
105 creatures vanquished.

Vanquished Creatures (others)
  Maggie (D:8)
  A steam dragon (D:5)
  2 water moccasins
  An orc warrior (D:8)
  A gnoll sergeant (D:4)
  2 scorpions
  4 gnolls (D:4)
  A white imp (D:8)
  An orc (D:8)
  An endoplasm (D:4)
  A hobgoblin (D:4)
16 creatures vanquished.

Grand Total: 146 creatures vanquished

Notes
Turn   | Place    | Note
-------+----------+-------------------------------------------
     0 | D:1      | croobank the Barachi Summoner began the quest for the Orb.
     0 | D:1      | Reached XP level 1. HP: 13/13 MP: 3/3
   135 | D:1      | Reached XP level 2. HP: 12/19 MP: 1/5
   188 | D:1      | Reached skill level 5 in Summonings
   456 | D:1      | Learned a level 2 spell: Call Imp
   694 | D:1      | Reached XP level 3. HP: 24/24 MP: 1/6
   698 | D:1      | Learned a level 3 spell: Call Canine Familiar
  1417 | D:2      | Reached XP level 4. HP: 30/30 MP: 1/8
  1807 | D:2      | Learned a level 3 spell: Summon Guardian Golem
  2528 | D:3      | Found a faded altar of an unknown god.
  2742 | D:3      | Found an ancient bone altar of Kikubaaqudgha.
  2742 | D:3      | Found a blossoming altar of Fedhas.
  3007 | D:4      | Noticed a gnoll sergeant
  3020 | D:4      | Reached skill level 1 in Fighting
  3020 | D:4      | Reached XP level 5. HP: 20/37 MP: 1/9
  3314 | D:4      | Reached skill level 1 in Hexes
  3314 | D:4      | Reached XP level 6. HP: 24/46 MP: 3/11
  3481 | D:4      | Reached skill level 6 in Summonings
  3787 | D:4      | Reached XP level 7. HP: 47/52 MP: 3/12
  4376 | D:5      | Entered Level 5 of the Dungeon
  4410 | D:5      | Noticed a steam dragon
  4425 | D:5      | Killed a steam dragon
  4543 | D:5      | Learned a level 4 spell: Summon Lightning Spire
  4802 | D:5      | Reached skill level 1 in Air Magic
  4802 | D:5      | Reached XP level 8. HP: 61/61 MP: 7/14
  5473 | D:6      | Noticed Blork the orc
  5487 | D:6      | Killed Blork the orc
  5556 | D:6      | You fall into a shaft and drop 2 floors!
  5732 | D:8      | Reached skill level 5 in Fighting
  5753 | D:8      | Reached skill level 5 in Dodging
  5866 | D:8      | Reached skill level 7 in Summonings
  5985 | D:8      | Noticed Maggie
  6000 | D:8      | Killed Maggie
  6001 | D:8      | Reached XP level 9. HP: 56/68 MP: 4/16
  6377 | D:7      | Found a flagged portal.
  6404 | Bailey   | Entered a bailey
  6437 | Bailey   | HP: 1/68 [orc warrior/+0 glaive (14)]
  6437 | Bailey   | Slain by an orc

Illustrated notes

Levels and vault maps discovered:
D:1:      tarquinn_simple_flora_water_c, layout_rooms
D:2:      layout_basic, minmay_quadrilaterals
D:3:      layout_loops_corners, grunt_temple_overflow_growth_and_decay,
          basic_ecumenical_altar, minmay_misc_feat_more_columns,
          minmay_crystal_room, nicolae_figureground_sparkle
D:4:      layout_cave_pods, amcnicky_mini_pool_small
D:5:      layout_cave_pools, serial_bayou_lagoon_a,
          hangedman_abyss_or_decor_slice, minmay_misc_feat_hallway
D:6:      wad_river_or_something, layout_basic, minmay_temple_entry_hall,
          uniq_blork_the_orc, uniq_menkaure
D:7:      layout_basic, enter_bailey_3
D:8:      layout_rooms, uniq_maggie
Bailey:   bailey_polearm_1, bailey

Skill      XL: |  1  2  3  4  5  6  7  8  9 |
---------------+----------------------------+-----
Stealth        | 2 3 4 |  4.9
Summonings     | 5 6 7 |  7.3
Dodging        | 3 4 5 |  5.5
Spellcasting   | 3 4 |  4.9
Fighting       | 1 2 3 4 5 |  5.6
Hexes          | 1 2 3 4 |  4.0
Air Magic      | 1 4 |  4.4

Action                     |  1- 3 |  4- 6 |  7- 9 || total
---------------------------+-------+-------+-------++-------
  Melee: Unarmed           |     6 |       |       ||     6
         Short sword       |    23 |    41 |    97 ||   161
         Punch             |     1 |       |     3 ||     4
  Throw: Dart              |       |    12 |       ||    12
         Javelin           |       |     3 |       ||     3
   Cast: Summon Small Mamm |    27 |    11 |    19 ||    57
         Call Imp          |    12 |    17 |    15 ||    44
         Call Canine Famil |     6 |    13 |    26 ||    45
         Summon Guardian G |       |     6 |     9 ||    15
         Summon Lightning  |       |       |     8 ||     8
Ability: Hop               |       |       |     1 ||     1
  Evoke: Wand              |       |       |     1 ||     1
    Use: Scroll            |       |     9 |     9 ||    18
         Potion            |       |     1 |     6 ||     7
   Stab: Sleeping          |     1 |     3 |       ||     4
         Distracted        |       |       |     1 ||     1
 Armour: Robe              |    29 |    37 |   105 ||   171
  Dodge: Dodged            |    27 |    44 |   116 ||   187

Table legend: (Time is in decaauts)
 A = Elapsed time spent in this place.
 B = Non-inter-level travel time spent in this place.
 C = Inter-level travel time spent in this place.
 D = Time resting spent in this place.
 E = Time spent auto-exploring this place.
 F = Levels seen in this place.
 G = Mean time per level.
                   A        B        C        D        E       F      G
               +--------+--------+--------+--------+--------+-----+--------+
         Total |   7069 |   6979 |     90 |   1128 |   4047 |   9 |  785.4 |
       Dungeon |   7035 |   6945 |     90 |   1128 |   4047 |   8 |  879.4 |
        Bailey |     33 |     33 |      0 |      0 |      0 |   1 |   33.0 |
               +--------+--------+--------+--------+--------+-----+--------+

Top non-repeatable levels by time:
     D:4: 1541 daAuts
     D:5: 1126 daAuts
     D:1: 1124 daAuts
     D:3: 1103 daAuts
     D:2: 1099 daAuts
     D:8: 587 daAuts
     D:7: 301 daAuts
     D:6: 152 daAuts
  Bailey: 33 daAuts
